 Dungeon Sprint DCSS version 0.29-a0-512-gf59ac788ac (webtiles) character file.

Game seed: 15860595110495677323

1307 mhtbhm the Grappler (level 8, 0/75 HPs)
             Began as a Troll Transmuter on May 29, 2022.
             Was an Initiate of Gozag.
             Slain by a centaur warrior (9 damage)
             ... in the Dungeon (Sprint IX: "|||||||||||||||||||||||||||||").
             The game lasted 00:01:34 (510 turns).

mhtbhm the Grappler (Troll Transmuter)               Turns: 510, Time: 00:01:35

Health: 0/75       AC:  5    Str: 21    XL:     8   Next: 32%
Magic:  13/14      EV: 14    Int:  9    God:    Gozag
Gold:   504        SH:  0    Dex: 13    Spells: 7/17 levels left

rFire   . . .      SeeInvis .     - Unarmed
rCold   . . .      Faith    .   (no shield)
rNeg    . . .      Spirit   .   a - +0 robe
rPois   .          Reflect  .   (helmet restricted)
rElec   .          Harm     .   l - +0 cloak
rCorr   .          Rampage  .   (gloves unavailable)
Will    .....      NoTele   +   (boots unavailable)
Stlth   ++........              (no amulet)
HPRegen 1.02/turn               m - +2 ring of evasion
MPRegen 0.14/turn               n - +3 ring of dexterity

@: wereblooded (expiring)
A: large, unfitting armour, claws 3, regeneration 1, shaggy fur 1, tough skin 1
a: Renounce Religion, Potion Petition, Call Merchant, Bribe Branch


You were in the Dungeon.
You worshipped Gozag.
Gozag was pleased with you.
You visited 1 branch You collected 504 gold pieces.

Inventory:

Armour
 a - a +0 robe (worn)
 l - a +0 cloak (worn)
Jewellery
 m - a +2 ring of evasion (left claw)
 n - a +3 ring of dexterity (right claw)
Wands
 k - a wand of iceblast (9)
Scrolls
 h - 2 scrolls of blinking
 j - 2 scrolls of amnesia
Potions
 b - a potion of lignification
 c - 3 potions of curing
 e - a potion of haste
 f - 4 potions of magic
 g - a potion of berserk rage
 i - a potion of invisibility


   Skills:
 + Level 3.2 Fighting
 + Level 5.7 Dodging
 + Level 0.9 Stealth
 + Level 13.0 Unarmed Combat
 + Level 5.2 Spellcasting
 + Level 5.8 Transmutations


You had 7 spell levels left.
You knew the following spells:

 Your Spells              Type           Power      Damage    Failure   Level
a - Beastly Appendage     Tmut           24%        N/A       2%          1
b - Wereblood             Tmut           12%        N/A       3%          2
c - Spider Form           Tmut/Pois      7%         N/A       22%         3
d - Ice Form              Ice/Tmut       7%         N/A       56%         4

Your spell library contained the following spells:

 Spells                   Type           Power      Damage    Failure   Level


Dungeon Overview and Level Annotations

Branches:
Dungeon (1/1)

Altars:
Cheibriados
Dithmenos
Elyvilon
Fedhas
Gozag
Hepliaklqana
Kikubaaqudgha
Makhleb
Nemelex Xobeh
Okawaru
Qazlal
Ru
Sif Muna
Trog
Uskayaw
Vehumet
Wu Jian
Xom
Yredelemnul
Zin
The Shining One
Beogh
Jiyva
Lugonu


Innate Abilities, Weirdness & Mutations

You are too large for most types of armour.
You have claws for hands.
Your natural rate of healing is unusually fast.
You are covered in fur. (AC +1)
You have tough skin. (AC +1)


Message History

* * * LOW HITPOINT WARNING * * *
The centaur warrior hits you!
* * * LOW HITPOINT WARNING * * *
The centaur warrior kicks you.
* * * LOW HITPOINT WARNING * * *
You feel much better.
Your primal bloodlust is almost over.
The white ugly thing is no longer distracted by gold.
The centaur warrior hits you! The centaur warrior barely misses you.
Unknown command.
You closely miss the centaur warrior. You headbutt the centaur warrior!
You claw the centaur warrior.
The centaur warrior is heavily wounded.
Your horns disappear.
Your talons disappear.
The centaur warrior hits you.
* * * LOW HITPOINT WARNING * * *
The centaur warrior kicks you.
* * * LOW HITPOINT WARNING * * *
You mangle the centaur warrior!!
The centaur warrior is almost dead.
The centaur warrior hits you!
* * * LOW HITPOINT WARNING * * *
The centaur warrior closely misses you.
Unknown command.
Unknown command.
You barely miss the centaur warrior.
The centaur warrior is almost dead.
The eight-headed hydra is no longer distracted by gold.
The centaur warrior hits you!
* * * LOW HITPOINT WARNING * * *
The centaur warrior barely misses you.
Unknown command.
Unknown command.
You feel better.
The centaur warrior hits you but does no damage.
The centaur warrior kicks you.
* * * LOW HITPOINT WARNING * * *
The centaur warrior hits you!
You die...
Your body crumbles into a pile of gold.

▓+▓
▓.▓
▓.▓
▓.▓
▓u▓
▓D▓
▓c▓
▓@▓
$
▓.▓
$
▓.▓
$ $
▓.▓
$
▓.▓
$ $
▓.▓
▓.▓
$
▓)▓
▓.▓


You could see an eight-headed hydra, a white ugly thing and a centaur warrior.

Vanquished Creatures
  An unseen horror (D)
  A shadow (D)
  2 wraiths (D)
  A yak (D)
  A steam dragon (D)
  A centaur (D)
  A killer bee (D)
  A howler monkey (D)
  A hound (D)
  An iguana (D)
  A gnoll (D)
  A dart slug (D)
  An orc (D)
  2 endoplasms (D)
  A goblin (D)
  A frilled lizard (D)
18 creatures vanquished.

Vanquished Creatures (others)
  A vampire (D)
1 creature vanquished.

Grand Total: 19 creatures vanquished

Notes
Turn   | Place    | Note
-------+----------+-------------------------------------------
     0 | D        | mhtbhm the Troll Transmuter began the quest for the Orb.
     0 | D        | Reached XP level 1. HP: 18/18 MP: 1/1
     1 | D        | Banished a spatial maelstrom
    12 | D        | Reached skill level 4 in Unarmed Combat
    28 | D        | Noticed a howler monkey
    28 | D        | Noticed an iguana
    28 | D        | Noticed a hound
    33 | D        | Killed a hound
    34 | D        | Reached skill level 5 in Unarmed Combat
    34 | D        | Reached XP level 2. HP: 20/26 MP: 2/4
    34 | D        | Reached XP level 3. HP: 25/32 MP: 2/5
    40 | D        | Reached skill level 6 in Unarmed Combat
    45 | D        | Reached XP level 4. HP: 8/40 MP: 2/6
    52 | D        | Reached skill level 1 in Fighting
    52 | D        | Reached skill level 7 in Unarmed Combat
   207 | D        | Found a snail-covered altar of Cheibriados.
   207 | D        | Found a shadowy altar of Dithmenos.
   207 | D        | Found a white marble altar of Elyvilon.
   207 | D        | Found a blossoming altar of Fedhas.
   207 | D        | Found an opulent altar of Gozag.
   208 | D        | Found a hazy altar of Hepliaklqana.
   209 | D        | Found a viscous altar of Jiyva.
   210 | D        | Found an ancient bone altar of Kikubaaqudgha.
   211 | D        | Found a corrupted altar of Lugonu.
   212 | D        | Found a burning altar of Makhleb.
   213 | D        | Found a sparkling altar of Nemelex Xobeh.
   214 | D        | Found an iron altar of Okawaru.
   215 | D        | Found a stormy altar of Qazlal.
   216 | D        | Found a sacrificial altar of Ru.
   219 | D        | Became a worshipper of Gozag Ym Sagoz the Greedy
   222 | D        | Found a shimmering blue altar of Sif Muna.
   223 | D        | Found a bloodstained altar of Trog.
   224 | D        | Found a hide-covered altar of Uskayaw.
   225 | D        | Found a radiant altar of Vehumet.
   226 | D        | Found an ornate altar of the Wu Jian Council.
   227 | D        | Found a shimmering altar of Xom.
   228 | D        | Found a basalt altar of Yredelemnul.
   229 | D        | Found a glowing silver altar of Zin.
   230 | D        | Found a glowing golden altar of the Shining One.
   267 | D        | Learned a level 2 spell: Wereblood
   271 | D        | Learned a level 3 spell: Spider Form
   293 | D        | Noticed a steam dragon
   293 | D        | Noticed a vampire
   293 | D        | Noticed a yak
   293 | D        | Noticed a centaur
   295 | D        | Killed a centaur
   296 | D        | Reached skill level 8 in Unarmed Combat
   296 | D        | Reached XP level 5. HP: 48/48 MP: 4/8
   299 | D        | Reached skill level 9 in Unarmed Combat
   303 | D        | Killed an unseen horror
   304 | D        | Reached skill level 10 in Unarmed Combat
   304 | D        | Reached XP level 6. HP: 18/57 MP: 4/11
   309 | D        | Killed a yak
   310 | D        | Reached skill level 11 in Unarmed Combat
   310 | D        | Reached XP level 7. HP: 47/65 MP: 4/12
   312 | D        | Killed a vampire
   313 | D        | Reached skill level 5 in Dodging
   313 | D        | Reached skill level 5 in Transmutations
   320 | D        | Killed a steam dragon
   321 | D        | Reached skill level 12 in Unarmed Combat
   470 | D        | Learned a level 4 spell: Ice Form
   488 | D        | Noticed a white ugly thing
   488 | D        | Noticed an eight-headed hydra
   488 | D        | Noticed a centaur warrior
   488 | D        | Noticed a wraith
   488 | D        | Noticed a wraith
   488 | D        | Noticed a shadow
   494 | D        | Killed a shadow
   495 | D        | Reached skill level 5 in Spellcasting
   495 | D        | Reached XP level 8. HP: 69/74 MP: 11/14
   502 | D        | Reached skill level 13 in Unarmed Combat
   505 | D        | HP: 3/75 [centaur warrior (1)]
   510 | D        | Slain by a centaur warrior

Illustrated notes

Levels and vault maps discovered:
D:        linesprint [early_d, line_temple, items_1, d_10, items_2, lair_1,
          lair_end, items_3, orc_1, orc_end, items_4, d_15, swamp_1, shoals_1,
          snake_1, spider_1, d_20, vaults_1, items_5, swamp_end, shoals_end,
          snake_end, spider_end, vaults_end, d_27, items_6, zot_1, zot_end,
          crypt_end, forest_end, elf_end, slime_end, tomb_end, abyss_end,
          pan_hell_end]

Skill      XL: |  1  2  3  4  5  6  7  8 |
---------------+-------------------------+-----
Unarmed Combat | 5 6 8 10 11 12 13 | 13.0
Dodging        | 2 3 4 5 |  5.7
Spellcasting   | 2 3 4 5 |  5.2
Transmutations | 2 3 4 5 |  5.8
Fighting       | 1 2 3 |  3.2
Stealth        | |  0.9

Action                   |  1- 3 |  4- 6 |  7- 9 || total
-------------------------+-------+-------+-------++-------
Melee: Unarmed           |    23 |    18 |    28 ||    69
       Headbutt          |     2 |     1 |     3 ||     6
       Kick              |     2 |     3 |     5 ||    10
       Punch             |       |     1 |     3 ||     4
 Cast: Beastly Appendage |     1 |     3 |     1 ||     5
       Wereblood         |       |     1 |     1 ||     2
Evoke: Wand              |       |       |     1 ||     1
  Use: Potion            |       |     2 |     3 ||     5
Armor: Robe              |     3 |     1 |     6 ||    10
Dodge: Dodged            |     9 |    10 |    15 ||    34

Table legend: (Time is in decaauts)
 A = Elapsed time spent in this place.
 B = Non-inter-level travel time spent in this place.
 C = Inter-level travel time spent in this place.
 D = Time resting spent in this place.
 E = Time spent auto-exploring this place.
 F = Levels seen in this place.
 G = Mean time per level.
                   A        B        C        D        E       F      G
               +--------+--------+--------+--------+--------+-----+--------+
         Total |    500 |    500 |      0 |    324 |      0 |   1 |  500.0 |
       Dungeon |    500 |    500 |      0 |    324 |      0 |   1 |  500.0 |
               +--------+--------+--------+--------+--------+-----+--------+

Top non-repeatable levels by time:
       D: 500 daAuts
